 Dungeon Crawl Stone Soup version 0.27-a0-401-gea03ee85fd (webtiles) character file.

Game seed: 1398179558373902526

848 racehazard the Cleaver (level 8, 0/70 HPs)
             Began as a Hill Orc Berserker on Feb 21, 2021.
             Was an Elder of Trog.
             Slain by an orc warrior
             ... wielding a +0 scimitar
              (4 damage)
             ... on level 6 of the Dungeon.
             The game lasted 00:16:26 (6350 turns).

racehazard the Cleaver (Hill Orc Berserker)         Turns: 6350, Time: 00:16:27

Health: 0/70       AC: 13    Str: 22    XL:     8   Next: 1%
Magic:  0/8        EV:  7    Int:  7    God:    Trog [****..]
Gold:   244        SH:  0    Dex: 10    Spells: 7/7 levels left

rFire    + + .     SeeInvis .   a - +0 hand axe
rCold    x . .     Faith    .   (no shield)
rNeg     . . .     Spirit   +   d - +0 plate armour
rPois    .         Reflect  .   u - +0 helmet
rElec    .         Harm     .   (no cloak)
rCorr    .         Rampage  .   (no gloves)
Will     .....                  (no boots)
Stlth    ..........             g - amulet of guardian spirit
HPRegen  0.21/turn              i - ring of fire
MPRegen  0.11/turn              v - ring of protection from fire

@: about to teleport
A: no striking features
a: Renounce Religion, Berserk, Trog's Hand, Brothers in Arms


You were on level 6 of the Dungeon.
You worshipped Trog.
Trog was greatly pleased with you.
You visited 1 branch of the dungeon, and saw 6 of its levels.

You collected 244 gold pieces.

Inventory:

Hand Weapons
 a - a +0 hand axe (weapon)
 s - a +1 vampiric whip
 t - a +2 dagger of protection
 x - a +1 falchion of draining
Armour
 b - a +0 animal skin
 d - a +0 plate armour (worn)
 u - a +0 helmet (worn)
Jewellery
 g - an amulet of guardian spirit (around neck)
 i - a ring of fire (left hand)
 m - a ring of wizardry
 v - a ring of protection from fire (right hand)
Wands
 y - a wand of random effects (24)
 A - a wand of acid (10)
Scrolls
 e - 3 scrolls of fear {unknown}
 f - 5 scrolls of teleportation
 h - a scroll of enchant armour {unknown}
 k - 4 scrolls of identify
 p - a scroll of amnesia {unknown}
 w - a scroll of fog {unknown}
Potions
 c - a potion of flight {unknown}
 j - a potion of degeneration {unknown}
 l - a potion of invisibility {unknown}
 n - 2 potions of heal wounds {unknown}
 o - a potion of lignification {unknown}
 q - a potion of brilliance {unknown}
 r - 5 potions of curing {unknown}
 z - a potion of magic {unknown}


   Skills:
 + Level 5.7 Fighting
 + Level 8.4 Axes
 + Level 5.5 Armour
 + Level 2.7 Dodging
 + Level 0.2 Stealth


You had 7 spell levels left.
You didn't know any spells.
Your spell library was empty.

Dungeon Overview and Level Annotations

Branches:
Dungeon (6/15)
 Temple: D:4-7

Altars:
Sif Muna

Annotations:
D:4 1 runed translucent door, trm's ghost, amateur DsCj
D:5 Edmund


Message History

The orc is heavily wounded.
You barely miss the orc warrior.
The orc warrior hits you with a +0 scimitar!
* * * LOW HITPOINT WARNING * * *
The orc hits you but does no damage.
You barely miss the orc.
The orc is heavily wounded.
You hit the orc warrior but do no damage.
The orc warrior completely misses you. The orc hits you but does no damage.
You slash the orc!
You kill the orc!
Trog accepts your kill.
You closely miss the orc warrior.
The orc warrior hits you with a +0 scimitar.
* * * LOW HITPOINT WARNING * * *
Things that are here:
a +0 dagger; a +0 robe; an orc corpse You closely miss the orc warrior.
The orc warrior is lightly wounded.
The orc warrior hits you but does no damage.
You hit the orc warrior.
The orc warrior is moderately wounded.
The orc warrior closely misses you.
You hit the orc warrior but do no damage.
The orc warrior is moderately wounded.
The orc warrior hits you with a +0 scimitar!
* * * LOW HITPOINT WARNING * * *
You hit the orc warrior but do no damage.
The orc warrior is moderately wounded.
As you read the scroll labelled FOATROIFFAT, it crumbles to dust.
You feel strangely unstable.
It was a scroll of teleportation.
The orc warrior hits you but does no damage.
As you read the scroll labelled GUSHAR FABE, it crumbles to dust.
It is a scroll of identify.
x - a +1 falchion of draining The orc warrior barely misses you.
You hit the orc warrior but do no damage.
The orc warrior is moderately wounded.
The orc warrior hits you with a +0 scimitar.
You die...

..........## .....
........#..#### .....
........##....### ......
.......###...... ......
##...[...#......
..^...###...............
.......?...........#####
........................
..# #@o...............
....#.#.........#.....
........##...#....######
...##......######.#####
##..##.######.....#
#####.........##.#
#########....# ######


You could see an orc warrior.

Vanquished Creatures
  A black bear (D:6)
  A phantom (D:4)
  A gnoll sergeant (D:4)
  3 hounds
  A quasit (D:5)
  A bullfrog skeleton (D:4)
  A centaur skeleton (D:4)
  Natasha (thrice) (D:3)
  2 orc wizards
  5 gnolls
  2 howler monkey skeletons (D:4)
  9 adders
  A shadow imp (D:3)
  An ufetubus (D:6)
  An ooze (D:4)
  2 dart slugs
  5 leopard geckos (D:2)
  18 orcs
  A ball python (D:1)
  6 giant cockroaches
  10 goblins
  11 hobgoblins
  12 jackals
  11 kobolds
  6 quokkas
  18 bats
  6 frilled lizards
  A leopard gecko skeleton (D:4)
  5 rats
145 creatures vanquished.

Vanquished Creatures (others)
  47 plants (D:3)
47 creatures vanquished.

Grand Total: 192 creatures vanquished

Notes
Turn   | Place    | Note
-------+----------+-------------------------------------------
     0 | D:1      | racehazard the Hill Orc Berserker began the quest for the
                  | Orb.
     0 | D:1      | Reached XP level 1. HP: 19/19 MP: 1/1
   188 | D:1      | Reached XP level 2. HP: 27/27 MP: 2/2
   428 | D:1      | Reached XP level 3. HP: 33/33 MP: 3/3
   610 | D:1      | Reached ** piety under Trog
   999 | D:2      | Reached skill level 5 in Axes
  1387 | D:2      | Reached XP level 4. HP: 36/40 MP: 4/4
  2910 | D:3      | Reached XP level 5. HP: 47/47 MP: 5/5
  2955 | D:3      | Found a shimmering blue altar of Sif Muna.
  2964 | D:3      | Reached skill level 6 in Axes
  3031 | D:3      | Reached *** piety under Trog
  3480 | D:3      | Noticed Natasha
  3499 | D:3      | Killed Natasha
  3769 | D:3      | You fall into a shaft and drop 2 floors!
  3769 | D:5      | Entered Level 5 of the Dungeon
  3788 | D:5      | Reached XP level 6. HP: 49/53 MP: 6/6
  3907 | D:4      | Reached skill level 7 in Axes
  4141 | D:3      | Noticed Natasha
  4148 | D:3      | Killed Natasha
  4416 | D:3      | Noticed Natasha
  4436 | D:3      | Killed Natasha
  4642 | D:4      | You fall into a shaft and drop 1 floor!
  4681 | D:4      | Reached **** piety under Trog
  4862 | D:4      | Reached XP level 7. HP: 60/60 MP: 7/7
  4893 | D:4      | Reached skill level 5 in Fighting
  5035 | D:4      | Found a runed translucent door.
  5248 | D:4      | Reached skill level 5 in Armour
  5777 | D:4      | Noticed trm's ghost (amateur DsCj)
  5840 | D:5      | Noticed a yak
  5840 | D:5      | Noticed a yak
  5840 | D:5      | Noticed a yak
  5841 | D:5      | Noticed Edmund
  6170 | D:5      | Reached skill level 8 in Axes
  6340 | D:6      | Reached XP level 8. HP: 31/70 MP: 4/8
  6346 | D:6      | HP: 3/70 [orc warrior/+0 scimitar (15)]
  6350 | D:6      | Slain by an orc warrior

Illustrated notes

Levels and vault maps discovered:
D:1:      dpeg_arrival_rhombus, layout_loops_cross
D:2:      layout_basic, serial_aquarium, aquarium_bridge_long_joined
          [aquarium_subvault_balcony, aquarium_subvault_wall,
          aquarium_subvault_window, aquarium_subvault_wall,
          aquarium_subvault_bridge, aquarium_subvault_window],
          aquarium_window_1, aquarium_window_fake, aquarium_view_2e,
          aquarium_balcony_3a, aquarium_pool_five, grunt_decor_one_mirror,
          minivault_26, minmay_goblin_outpost
D:3:      wad_woods_stonehenge, layout_basic, uniq_natasha
D:4:      layout_rooms, portal_sewer_entry_d, ebering_ghost_sewer_d,
          lightli_minifort
D:5:      layout_cave_pools, minmay_temple_entry_poolview, basic_altar,
          grunt_qazlal_sundering, uniq_edmund, uniq_menkaure
D:6:      layout_rooms, chequers_avenue

Skill      XL: |  1  2  3  4  5  6  7 |
---------------+----------------------+-----
Fighting       | 4 5 |  5.7
Axes           | 5 6 7 8 |  8.4
Armour         | 3 4 5 |  5.5
Dodging        | 2 |  2.7
Stealth        | |  0.2

Action                   |  1- 3 |  4- 6 |  7- 9 || total
-------------------------+-------+-------+-------++-------
Melee: Hand axe          |   139 |   331 |   129 ||   599
Invok: Berserk           |     1 |       |       ||     1
  Use: Scroll            |       |       |     2 ||     2
Armor: Plate armour      |   144 |   336 |   131 ||   611
Dodge: Dodged            |    79 |   163 |    62 ||   304

Table legend: (Time is in decaauts)
 A = Elapsed time spent in this place.
 B = Non-inter-level travel time spent in this place.
 C = Inter-level travel time spent in this place.
 D = Time resting spent in this place.
 E = Time spent auto-exploring this place.
 F = Levels seen in this place.
 G = Mean time per level.
                   A        B        C        D        E       F      G
               +--------+--------+--------+--------+--------+-----+--------+
         Total |   6385 |   6385 |      0 |   1077 |   3059 |   6 | 1064.2 |
       Dungeon |   6385 |   6385 |      0 |   1077 |   3059 |   6 | 1064.2 |
               +--------+--------+--------+--------+--------+-----+--------+

Top non-repeatable levels by time:
     D:2: 1760 daAuts
     D:4: 1703 daAuts
     D:3: 1635 daAuts
     D:1: 891 daAuts
     D:5: 247 daAuts
     D:6: 148 daAuts
